AoeStats
← meditator27

Arena

505987787Analyzed
4v4 RM · 19d ago on Sep 11, 2026· 18m 10s· 8 players
Game mode
Random Map
Map size
Large (8 player)
Population
200
Speed
Normal
Resources
Standard
Victory
Conquest
Starting age
Dark Age
Ending age
Imperial Age
RankedLock teamsTeams togetherTeam positionsShared explorationLock speedFull tech treeHidden civsTurbo modeCheats
Victory
Defeat
🇨🇴 Khmer · Colombia
1331
+12
🇹🇼 Bohemians · Taiwan
1273
+15
🇨🇴 Armenians · Colombia
1144
+20
🇨🇴 Cumans · Colombia
1058
+23
🇨🇭 Franks · Switzerland
1251
-18
🇲🇽 Portuguese · Mexico
1247
-18
🇩🇪 Koreans · Germany
1239
-18
🇹🇷 Khitans · Türkiye
1201
-16
Eduardo
10:47 Feudal Age
14:33 Castle Age
12:44 Double-Bit Axe
15:02 Loom
Panzarx
11:13 Feudal Age
15:42 Castle Age
14:01 Double-Bit Axe
14:17 Horse Collar
16:55 Bow Saw
elite chicken
10:29 Feudal Age
14:44 Castle Age
12:35 Double-Bit Axe
15:10 Light Cavalry
16:36 Bow Saw
12345
0:28 Loom
11:19 Feudal Age
11:51 Double-Bit Axe
18:38 Castle Age
17:30 Gold Mining
17:30 Stone Mining
FIERRO
9:08 Feudal Age
12:23 Castle Age
12:02 Double-Bit Axe
18:03 Horse Collar
albaqca
10:58 Feudal Age
12:06 Man-at-Arms
13:22 Forging
13:13 Scale Mail Armor
13:21 Arson
14:11 Long Swordsman
meditator27
10:52 Feudal Age
11:51 Double-Bit Axe
14:33 Castle Age
12:26 Horse Collar
16:00 Bow Saw
18:05 Loom
R0F | [0] | PEDRO
6:24 Loom
10:14 Feudal Age
13:58 Double-Bit Axe
Connection lost

Rejoining the realm…

Still unreachable

The connection could not be restored.

Session expired

The server has moved on; the page needs a fresh start.